AoeStats
← Jimmy Jay

Nomad

509483856Analyzed
4v4 RM · 7d ago on Sep 26, 2026· 60m 12s· 8 players
Game mode
Random Map
Map size
231×231
Population
200
Speed
Normal
Resources
Standard
Victory
Conquest
Starting age
Dark Age
Ending age
Imperial Age
RankedLock teamsTeams togetherTeam positionsShared explorationLock speedFull tech treeHidden civsTurbo modeCheats
Victory
Defeat
🇨🇳 Japanese · China
1115
+13
1078
+15
🇦🇷 Mongols · Argentina
1069
+15
🇲🇽 Hindustanis · Mexico
1037
+16
🇦🇷 Poles · Argentina
1100
-17
🇧🇴 Goths · Bolivia
1043
-15
🇹🇼 Italians · Taiwan
1030
-14
🇧🇴 Britons · Bolivia
1012
-13
carlosolares
6:34 Loom
13:25 Feudal Age
13:52 Double-Bit Axe
13:47 Horse Collar
25:40 Castle Age
23:59 Stone Mining
26:31 Bow Saw
26:21 Heavy Plow
27:44 Fortified Wall
28:15 Masonry
50:46 Light Cavalry
52:35 Wheelbarrow
52:57 Scale Barding Armor
53:04 Gold Mining
54:14 Husbandry
54:26 Bloodlines
55:41 Hand Cart
56:38 Chain Barding Armor
56:30 Forging
61:08 Imperial Age
59:47 Scale Mail Armor
60:23 Iron Casting
60:54 Chain Mail Armor
Dani - Voy Fatal de Recursos
7:27 Loom
14:23 Feudal Age
17:33 Castle Age
22:32 Double-Bit Axe
23:48 Bow Saw
23:36 Gold Mining
26:35 Gold Shaft Mining
26:52 Bloodlines
26:43 Husbandry
32:49 Imperial Age
31:37 Wheelbarrow
31:06 Horse Collar
33:37 Hand Cart
34:27 Elite Battle Elephant
35:47 Capped Ram
36:41 Siege Ram
39:15 Tusk Swords
39:36 Conscription
44:56 Scale Barding Armor
45:03 Forging
46:57 Pikeman
51:51 Chain Barding Armor
52:07 Iron Casting
52:18 Light Cavalry
55:02 Hussar
Jimmy Jay
6:29 Loom
14:21 Feudal Age
15:03 Double-Bit Axe
15:05 Fishing Lines
19:58 Castle Age
18:28 Horse Collar
21:01 Bow Saw
23:38 Wheelbarrow
23:06 Heavy Plow
23:28 Gillnets
24:05 Gold Mining
24:36 Fletching
24:47 Padded Archer Armor
26:53 Ballistics
28:05 Thumb Ring
28:34 Husbandry
28:44 Bloodlines
29:01 Hand Cart
31:31 Imperial Age
29:46 Stone Mining
31:43 Bodkin Arrow
32:56 Conscription
36:28 Chemistry
35:29 Bracer
37:08 Leather Archer Armor
36:16 Light Cavalry
43:34 Hussar
43:43 Elite Skirmisher
44:44 Scale Barding Armor
44:50 Forging
46:31 Hussar
49:58 Scale Barding Armor
52:57 Chain Barding Armor
53:13 Iron Casting
53:20 Iron Casting
53:17 Elite Mangudai
57:44 Blast Furnace
1903662431
3:22 Loom
14:58 Feudal Age
15:45 Double-Bit Axe
17:38 Wheelbarrow
18:16 Fletching
19:24 Gold Mining
19:24 Stone Mining
20:14 Man-at-Arms
23:51 Castle Age
22:57 Horse Collar
23:10 Stone Mining
28:06 Medium Warships
40:57 Heavy Plow
42:20 Bow Saw
48:04 Imperial Age
45:20 Town Watch
46:11 Hand Cart
46:23 Fishing Lines
47:01 Yasama
47:29 Elite Skirmisher
48:15 Thumb Ring
49:11 Conscription
50:19 Murder Holes
50:20 Guard Tower
50:17 Arrowslits
51:07 Bodkin Arrow
51:13 Padded Archer Armor
52:26 Keep
51:49 Murder Holes
52:06 Masonry
53:06 Kataparuto
52:47 Treadmill Crane
53:19 Masonry
53:15 Siege Engineers
54:20 Two-Man Saw
54:14 Murder Holes
54:45 Ballistics
53:54 Elite Samurai
56:55 Bracer
57:11 Leather Archer Armor
60:53 Ring Archer Armor
ToKreisyLow
13:54 Feudal Age
15:17 Town Watch
16:24 Man-at-Arms
21:37 Castle Age
21:59 Forging
21:54 Scale Mail Armor
22:01 Loom
22:42 Long Swordsman
30:37 Double-Bit Axe
31:04 Elite Skirmisher
33:31 Squires
34:09 Fletching
34:19 Padded Archer Armor
39:33 Imperial Age
57:01 Horse Collar
58:27 Gold Mining
Marcos_11
6:39 Loom
14:12 Feudal Age
15:15 Fishing Lines
15:35 Double-Bit Axe
17:56 Town Watch
23:34 Castle Age
25:06 Gillnets
26:21 Fletching
28:03 Ballistics
33:24 Bodkin Arrow
34:14 Stone Mining
34:14 Gold Mining
37:51 Wheelbarrow
37:17 Town Patrol
37:59 Padded Archer Armor
41:32 Imperial Age
39:55 Yeomen
40:17 Leather Archer Armor
41:14 Hand Cart
44:13 Imperial Age
45:34 Scale Barding Armor
45:42 Forging
49:30 Imperial Age
49:16 Husbandry
48:36 Light Cavalry
49:57 Iron Casting
49:42 Chain Barding Armor
57:58 Conscription
57:55 Cavalier
shaqssmm
4:42 Loom
5:04 Loom
15:19 Feudal Age
15:52 Double-Bit Axe
17:44 Wheelbarrow
20:15 Castle Age
19:19 Fletching
19:23 Gold Mining
19:33 Stone Mining
21:25 Bow Saw
21:55 Medium Warships
21:58 Bodkin Arrow
23:06 Hand Cart
25:38 Town Watch
26:42 Ballistics
28:39 Stone Shaft Mining
34:08 Imperial Age
32:12 Padded Archer Armor
34:47 Leather Archer Armor
36:15 Two-Man Saw
36:12 Bracer
38:38 Ring Archer Armor
39:31 Forging
39:27 Scale Barding Armor
39:31 Elite Genoese Crossbowman
42:12 Chain Barding Armor
42:28 Iron Casting
42:14 Murder Holes
43:20 Chemistry
45:49 Conscription
46:32 Blast Furnace
46:08 Plate Barding Armor
46:26 Light Cavalry
47:16 Bloodlines
47:07 Husbandry
1979
13:51 Feudal Age
16:37 Scale Barding Armor
17:40 Forging
18:33 Bloodlines
19:28 Double-Bit Axe
19:25 Horse Collar
25:06 Castle Age
24:26 Gold Mining
25:08 Light Cavalry
26:12 Chain Barding Armor
26:28 Iron Casting
26:12 Bow Saw
26:11 Heavy Plow
26:19 Husbandry
25:42 Light Cavalry
26:26 Husbandry
28:00 Stone Mining
37:26 Imperial Age
37:57 Winged Hussar
39:22 Lechitic Legacy
40:15 Scale Mail Armor
42:08 Chain Mail Armor
42:00 Squires
41:47 Arson
44:33 Blast Furnace
45:17 Plate Mail Armor
47:13 Fletching
48:21 Bodkin Arrow
53:09 Stone Shaft Mining
53:19 Crop Rotation
53:45 Conscription
Connection lost

Rejoining the realm…

Still unreachable

The connection could not be restored.

Session expired

The server has moved on; the page needs a fresh start.